2016 views
Uploaded 2023-04-16 00:21:21
Game version 1.35 (6115)
23:12 long 4on4 ladder game on (8)Arathor_S2_v1.3
Saved by DKnight
2016 views
Uploaded 2023-04-16 00:21:21
Game version 1.35 (6115)
23:12 long 4on4 ladder game on (8)Arathor_S2_v1.3


157 units @ 21.9k
/ 3.6k
67 buildings @ 11.7k
/ 4.5k



| Circlet of Nobility | 1 | 175 |
| Ring of Regeneration | 1 | 300 |
| total: | 2 | 475g |
| Wisp | 26 | 1560 | / | 0 |
| Archer | 17 | 2210 | / | 170 |
| Dryad | 9 | 1305 | / | 540 |
| Druid of the Talon | 10 | 1450 | / | 200 |
| total: | 62 | 6525g | / | 910w |
| Moon Well | 6 | 1080 | / | 240 |
| Ancient of War | 3 | 450 | / | 180 |
| Altar of Elders | 1 | 180 | / | 50 |
| Hunter's Hall | 1 | 210 | / | 100 |
| Tree of Life | 4 | 1360 | / | 740 |
| Ancient of Wonders | 1 | 90 | / | 30 |
| Ancient of Lore | 2 | 310 | / | 290 |
| Ancient of Wind | 1 | 150 | / | 140 |
| Tree of Ages | 1 | 320 | / | 180 |
| Tree of Eternity | 1 | 330 | / | 200 |
| total: | 19 | 3830g | / | 1770w |
| 0:02 | Wisp |
| 0:08 | Moon Well |
| 0:13 | Wisp |
| 0:16 | Ancient of War |
| 0:18 | Wisp |
| 0:31 | Wisp |
| 0:38 | Wisp |
| 0:59 | Wisp |
| 1:05 | Wisp |
| 1:14 | Altar of Elders |
| 1:16 | Wisp |
| 1:24 | Moon Well |
| 1:26 | Wisp |
| 1:38 | Archer |
| 1:54 | Wisp |
| 1:58 | Archer |
| 2:07 | Wisp |
| 2:20 | Archer |
| 2:36 | Wisp |
| 2:41 | Archer |
| 2:43 | Wisp |
| 3:10 | Moon Well |
| 3:17 | Drunken Brawler |
| 3:30 | Tree of Ages |
| 4:03 | Hunter's Hall |
| 4:31 | Drunken Haze |
| 4:36 | Moon Well |
| 5:23 | Tree of Life |
| 5:31 | Ancient of War |
| 6:11 | Archer |
| 6:12 | Archer |
| 6:22 | Breath of Fire |
| 6:51 | Archer |
| 6:52 | Improved Bows |
| 6:59 | Tree of Life |
| 7:17 | Ancient of Lore |
| 7:33 | Ancient of Wind |
| 7:39 | Tree of Eternity |
| 7:43 | Entangling Roots |
| 8:05 | Reinforced Hides |
| 8:07 | Ultravision |
| 9:21 | Wisp |
| 9:21 | Wisp |
| 9:21 | Wisp |
| 9:21 | Wisp |
| 9:22 | Wisp |
| 9:22 | Wisp |
| 9:22 | Wisp |
| 9:34 | Dryad |
| 9:36 | Druid of the Talon |
| 9:39 | Archer |
| 10:44 | Archer |
| 10:45 | Dryad |
| 10:46 | Druid of the Talon |
| 11:45 | Archer |
| 11:47 | Dryad |
| 11:47 | Druid of the Talon |
| 11:55 | Tree of Life |
| 12:01 | Force of Nature |
| 12:27 | Archer |
| 12:28 | Marksmanship |
| 13:09 | Wisp |
| 13:13 | Moon Well |
| 13:18 | Tree of Life |
| 13:36 | Drunken Brawler |
| 13:39 | Circlet of Nobility |
| 13:46 | Ring of Regeneration |
| 14:50 | Archer |
| 14:50 | Dryad |
| 14:51 | Druid of the Talon |
| 15:09 | Frost Arrows |
| 15:21 | Dryad |
| 15:22 | Druid of the Talon |
| 15:41 | Wisp |
| 15:41 | Wisp |
| 16:15 | Thorns Aura |
| 16:27 | Ancient of Wonders |
| 16:29 | Dryad |
| 16:30 | Druid of the Talon |
| 16:39 | Wisp |
| 16:44 | Wisp |
| 16:52 | Wisp |
| 17:21 | Archer |
| 17:27 | Druid of the Talon |
| 18:58 | Well Spring |
| 19:52 | Archer |
| 19:54 | Dryad |
| 19:56 | Druid of the Talon |
| 20:00 | Ancient of Lore |
| 20:53 | Archer |
| 20:55 | Dryad |
| 20:56 | Druid of the Talon |
| 21:03 | Ancient of War |
| 21:04 | Strength of the Moon |
| 21:05 | Strength of the Wild |
| 21:05 | Moon Armor |
| 21:05 | Improved Reinforced Hides |
| 21:34 | Dryad |
| 21:37 | Druid of the Talon |
| 21:38 | Archer |
| 21:52 | Moon Well |
| 22:32 | Archer |
| Right click | 932 |
| Select | 432 |
| Build/train/purchase | 95 |
| Misc. action | 76 |
| Select group | 46 |
| Chat | 45 |
| Use ability | 35 |
| Minimap ping | 6 |
| Assign group | 5 |
| Resource trade | 5 |
| Esc | 3 |
| Item give/drop | 1 |



| Healing Salve | 3 | 300 |
| Lesser Clarity Potion | 4 | 280 |
| Potion of Mana | 7 | 1400 |
| Orb of Lightning | 1 | 375 |
| Potion of Healing | 2 | 300 |
| Scroll of Town Portal | 2 | 700 |
| total: | 19 | 3355g |
| Peon | 8 | 600 | / | 0 |
| Troll Headhunter | 6 | 840 | / | 120 |
| Shaman | 8 | 1040 | / | 160 |
| Raider | 7 | 1260 | / | 280 |
| Troll Berserker | 8 | 1120 | / | 160 |
| Grunt | 1 | 200 | / | 0 |
| total: | 38 | 5060g | / | 720w |
| Altar of Storms | 1 | 180 | / | 50 |
| Orc Burrow | 7 | 1120 | / | 280 |
| War Mill | 1 | 205 | / | 0 |
| Barracks | 1 | 180 | / | 50 |
| Voodoo Lounge | 2 | 260 | / | 60 |
| Spirit Lodge | 1 | 150 | / | 150 |
| Beastiary | 1 | 145 | / | 140 |
| Stronghold | 1 | 315 | / | 190 |
| Fortress | 1 | 325 | / | 190 |
| total: | 14 | 2240g | / | 730w |
| 0:02 | Peon |
| 0:02 | Peon |
| 0:03 | Peon |
| 0:33 | Altar of Storms |
| 0:36 | Orc Burrow |
| 0:40 | Peon |
| 0:50 | War Mill |
| 0:54 | Peon |
| 1:05 | Barracks |
| 1:15 | Peon |
| 1:25 | Peon |
| 1:35 | Orc Burrow |
| 1:59 | Voodoo Lounge |
| 2:06 | Troll Headhunter |
| 2:17 | Troll Headhunter |
| 2:38 | Shockwave |
| 2:41 | Troll Headhunter |
| 2:51 | Troll Headhunter |
| 3:00 | Peon |
| 3:06 | Orc Burrow |
| 3:17 | Healing Salve |
| 3:22 | Lesser Clarity Potion |
| 4:01 | Stronghold |
| 4:24 | Endurance Aura |
| 4:33 | Troll Headhunter |
| 4:35 | Orc Burrow |
| 5:10 | Troll Headhunter |
| 5:12 | Steel Armor |
| 5:15 | Orc Burrow |
| 5:55 | Shockwave |
| 6:52 | Fortress |
| 7:01 | Troll Regeneration |
| 7:03 | Spirit Lodge |
| 7:05 | Reinforced Defenses |
| 7:16 | Potion of Mana |
| 7:52 | Healing Wave |
| 8:05 | Orc Burrow |
| 8:09 | Lesser Clarity Potion |
| 8:23 | Shaman Adept Training |
| 8:33 | Beastiary |
| 9:35 | Shaman Master Training |
| 9:45 | Ensnare |
| 9:59 | Pillage |
| 10:15 | Berserker Upgrade |
| 10:17 | Shaman |
| 10:25 | Orb of Lightning |
| 10:31 | Wind Walk |
| 10:47 | Potion of Healing |
| 10:55 | Potion of Mana |
| 11:29 | Endurance Aura |
| 11:41 | Hex |
| 11:48 | Raider |
| 11:49 | Troll Berserker |
| 11:51 | Shaman |
| 12:21 | Troll Berserker |
| 12:29 | Potion of Mana |
| 12:37 | Potion of Healing |
| 12:37 | Healing Salve |
| 13:00 | Shaman |
| 13:03 | Troll Berserker |
| 13:50 | Critical Strike |
| 14:46 | Raider |
| 14:47 | Troll Berserker |
| 14:47 | Troll Berserker |
| 14:49 | Shaman |
| 14:50 | Steel Ranged Weapons |
| 15:15 | Scroll of Town Portal |
| 15:16 | Healing Salve |
| 15:23 | Potion of Mana |
| 15:24 | Potion of Mana |
| 15:25 | Lesser Clarity Potion |
| 15:48 | Troll Berserker |
| 15:54 | Orc Burrow |
| 17:12 | Shaman |
| 17:18 | Raider |
| 17:20 | Grunt |
| 17:25 | Scroll of Town Portal |
| 17:27 | Lesser Clarity Potion |
| 18:10 | Healing Wave |
| 18:37 | Critical Strike |
| 18:58 | Shockwave |
| 19:35 | Shaman |
| 19:35 | Shaman |
| 19:37 | Troll Berserker |
| 19:38 | Raider |
| 19:38 | Raider |
| 19:39 | Raider |
| 19:39 | Raider |
| 20:33 | Shaman |
| 20:35 | Troll Berserker |
| 20:36 | Thorium Armor |
| 20:51 | Voodoo Lounge |
| 21:00 | Potion of Mana |
| 21:03 | Potion of Mana |
| 22:05 | Hex |
| Right click | 986 |
| Chat | 427 |
| Select | 422 |
| Select group | 170 |
| Build/train/purchase | 118 |
| Assign group | 73 |
| Use ability | 69 |
| Minimap ping | 14 |
| Item give/drop | 7 |
| Misc. action | 1 |


| Rod of Necromancy | 2 | 300 |
| Sacrificial Skull | 1 | 50 |
| Orb of Corruption | 1 | 375 |
| Potion of Healing | 2 | 300 |
| Scroll of Town Portal | 1 | 350 |
| Scroll of Healing | 2 | 500 |
| Claws of Attack +9 | 1 | 300 |
| Claws of Attack +6 | 1 | 125 |
| Ancient Janggo of Endurance | 1 | 500 |
| total: | 12 | 2800g |
| Acolyte | 8 | 600 | / | 0 |
| Ghoul | 3 | 360 | / | 0 |
| Crypt Fiend | 6 | 1290 | / | 240 |
| Obsidian Statue | 3 | 600 | / | 105 |
| Abomination | 7 | 1680 | / | 490 |
| total: | 27 | 4530g | / | 835w |
| Nerubian Tower | 2 | 200 | / | 40 |
| Spirit Tower | 2 | 290 | / | 80 |
| Crypt | 2 | 400 | / | 100 |
| Graveyard | 1 | 215 | / | 0 |
| Altar of Darkness | 2 | 360 | / | 100 |
| Ziggurat | 8 | 1200 | / | 400 |
| Tomb of Relics | 1 | 130 | / | 30 |
| Necropolis | 1 | 225 | / | 0 |
| Slaughterhouse | 2 | 280 | / | 270 |
| Halls of the Dead | 1 | 320 | / | 210 |
| Black Citadel | 1 | 325 | / | 230 |
| total: | 17 | 2810g | / | 900w |
| 0:03 | Acolyte |
| 0:03 | Acolyte |
| 0:08 | Crypt |
| 0:33 | Graveyard |
| 0:47 | Altar of Darkness |
| 0:48 | Altar of Darkness |
| 0:58 | Ziggurat |
| 1:09 | Ghoul |
| 1:23 | Tomb of Relics |
| 1:58 | Ziggurat |
| 1:58 | Ghoul |
| 2:18 | Crypt Fiend |
| 2:27 | Nerubian Tower |
| 2:53 | Rod of Necromancy |
| 2:55 | Death Coil |
| 3:03 | Crypt Fiend |
| 3:32 | Halls of the Dead |
| 3:53 | Crypt Fiend |
| 4:06 | Ziggurat |
| 4:18 | Unholy Aura |
| 4:30 | Crypt Fiend |
| 5:01 | Crypt Fiend |
| 5:17 | Rod of Necromancy |
| 5:43 | Crypt Fiend |
| 6:21 | Acolyte |
| 6:38 | Slaughterhouse |
| 6:42 | Death Coil |
| 7:07 | Sacrificial Skull |
| 7:21 | Ziggurat |
| 7:27 | Ziggurat |
| 7:28 | Ziggurat |
| 7:34 | Frost Nova |
| 7:48 | Ziggurat |
| 7:53 | Necropolis |
| 8:37 | Black Citadel |
| 8:45 | Obsidian Statue |
| 9:22 | Obsidian Statue |
| 9:24 | Spirit Tower |
| 9:31 | Dark Ritual |
| 9:34 | Acolyte |
| 9:34 | Acolyte |
| 10:05 | Slaughterhouse |
| 11:12 | Nerubian Tower |
| 11:14 | Acolyte |
| 11:14 | Acolyte |
| 11:15 | Acolyte |
| 11:20 | Ghoul |
| 11:33 | Web |
| 11:40 | Abomination |
| 11:56 | Crypt |
| 12:04 | Creature Attack |
| 12:28 | Abomination |
| 12:48 | Creature Carapace |
| 13:06 | Death Pact |
| 13:13 | Burrow |
| 14:21 | Abomination |
| 14:21 | Disease Cloud |
| 14:26 | Unholy Armor |
| 15:52 | Improved Unholy Armor |
| 15:57 | Obsidian Statue |
| 15:58 | Destroyer Form |
| 16:09 | Scroll of Town Portal |
| 16:10 | Orb of Corruption |
| 16:10 | Potion of Healing |
| 16:11 | Scroll of Healing |
| 16:11 | Scroll of Healing |
| 16:11 | Potion of Healing |
| 16:23 | Frost Nova |
| 16:32 | Unholy Strength |
| 16:43 | Abomination |
| 16:49 | Ziggurat |
| 17:33 | Abomination |
| 18:12 | Advanced Unholy Armor |
| 19:11 | Death Coil |
| 19:33 | Abomination |
| 20:44 | Improved Unholy Strength |
| 20:49 | Abomination |
| 20:54 | Spirit Tower |
| 21:01 | Claws of Attack +9 |
| 21:01 | Claws of Attack +6 |
| 21:03 | Ancient Janggo of Endurance |
| 22:51 | Dark Ritual |
| 23:05 | Frost Nova |
| 23:08 | Unholy Aura |
| Right click | 1527 |
| Select group | 1075 |
| Select | 331 |
| Misc. action | 136 |
| Build/train/purchase | 98 |
| Use ability | 46 |
| Assign group | 36 |
| Resource trade | 6 |
| Item give/drop | 3 |
| Remove unit | 3 |



| Sacrificial Skull | 1 | 50 |
| Rod of Necromancy | 6 | 900 |
| Ritual Dagger | 3 | 375 |
| Potion of Healing | 5 | 750 |
| Potion of Mana | 4 | 800 |
| Orb of Corruption | 2 | 750 |
| Scroll of Town Portal | 4 | 1400 |
| Scroll of Healing | 3 | 750 |
| Potion of Lesser Invulnerability | 2 | 300 |
| Scroll of Protection | 1 | 150 |
| total: | 31 | 6225g |
| Acolyte | 10 | 750 | / | 0 |
| Ghoul | 3 | 360 | / | 0 |
| Crypt Fiend | 11 | 2365 | / | 440 |
| Frost Wyrm | 6 | 2310 | / | 720 |
| total: | 30 | 5785g | / | 1160w |
| Nerubian Tower | 1 | 100 | / | 20 |
| Graveyard | 1 | 215 | / | 0 |
| Crypt | 1 | 200 | / | 50 |
| Ziggurat | 7 | 1050 | / | 350 |
| Altar of Darkness | 1 | 180 | / | 50 |
| Tomb of Relics | 2 | 260 | / | 60 |
| Necropolis | 2 | 450 | / | 0 |
| Sacrificial Pit | 1 | 75 | / | 150 |
| Boneyard | 2 | 350 | / | 400 |
| Halls of the Dead | 1 | 320 | / | 210 |
| Black Citadel | 1 | 325 | / | 230 |
| total: | 17 | 2780g | / | 1060w |
| 0:03 | Acolyte |
| 0:09 | Graveyard |
| 0:14 | Crypt |
| 0:19 | Acolyte |
| 0:38 | Ziggurat |
| 0:58 | Altar of Darkness |
| 1:15 | Ghoul |
| 1:26 | Ziggurat |
| 1:38 | Ghoul |
| 1:51 | Tomb of Relics |
| 1:53 | Tomb of Relics |
| 2:13 | Crypt Fiend |
| 2:47 | Crypt Fiend |
| 3:00 | Crypt Fiend |
| 3:04 | Sacrificial Skull |
| 3:05 | Rod of Necromancy |
| 3:10 | Death Coil |
| 3:24 | Crypt Fiend |
| 3:32 | Acolyte |
| 3:34 | Acolyte |
| 3:43 | Acolyte |
| 3:54 | Acolyte |
| 4:07 | Unholy Aura |
| 4:19 | Ziggurat |
| 4:35 | Acolyte |
| 4:44 | Rod of Necromancy |
| 4:44 | Ritual Dagger |
| 5:00 | Halls of the Dead |
| 5:13 | Ghoul |
| 5:47 | Death Coil |
| 5:49 | Rod of Necromancy |
| 5:57 | Ziggurat |
| 5:58 | Nerubian Tower |
| 6:33 | Crypt Fiend |
| 7:13 | Crypt Fiend |
| 7:30 | Black Citadel |
| 7:36 | Ziggurat |
| 7:37 | Ziggurat |
| 7:38 | Necropolis |
| 8:02 | Burrow |
| 8:05 | Crypt Fiend |
| 8:21 | Ziggurat |
| 8:29 | Potion of Healing |
| 8:30 | Scroll of Town Portal |
| 8:30 | Potion of Mana |
| 9:02 | Creature Attack |
| 9:45 | Death Pact |
| 9:53 | Potion of Healing |
| 9:53 | Potion of Mana |
| 9:53 | Rod of Necromancy |
| 9:54 | Orb of Corruption |
| 10:01 | Frost Nova |
| 10:04 | Boneyard |
| 10:07 | Acolyte |
| 10:30 | Boneyard |
| 10:41 | Web |
| 11:18 | Frost Wyrm |
| 11:45 | Frost Wyrm |
| 12:05 | Potion of Healing |
| 12:05 | Potion of Mana |
| 12:08 | Impale |
| 12:19 | Creature Carapace |
| 13:06 | Frost Wyrm |
| 13:07 | Crypt Fiend |
| 13:59 | Frost Armor |
| 14:13 | Frost Wyrm |
| 14:54 | Spiked Carapace |
| 15:02 | Frost Wyrm |
| 15:34 | Rod of Necromancy |
| 15:35 | Ritual Dagger |
| 15:37 | Orb of Corruption |
| 15:55 | Scroll of Town Portal |
| 16:20 | Death Coil |
| 16:29 | Potion of Lesser Invulnerability |
| 16:36 | Frost Nova |
| 16:49 | Necropolis |
| 16:50 | Sacrificial Pit |
| 16:54 | Impale |
| 17:42 | Improved Creature Attack |
| 17:45 | Acolyte |
| 18:37 | Scroll of Town Portal |
| 18:37 | Potion of Lesser Invulnerability |
| 18:37 | Scroll of Healing |
| 18:43 | Scroll of Healing |
| 18:43 | Scroll of Protection |
| 19:01 | Improved Creature Carapace |
| 19:10 | Freezing Breath |
| 19:39 | Advanced Creature Attack |
| 20:29 | Frost Armor |
| 20:34 | Frost Wyrm |
| 21:11 | Spiked Carapace |
| 21:40 | Crypt Fiend |
| 21:47 | Scroll of Town Portal |
| 21:48 | Potion of Healing |
| 21:48 | Ritual Dagger |
| 21:48 | Rod of Necromancy |
| 22:03 | Potion of Healing |
| 22:04 | Potion of Mana |
| 22:04 | Scroll of Healing |
| 22:14 | Acolyte |
| 22:30 | Crypt Fiend |
| 22:57 | Crypt Fiend |
| Select group | 1267 |
| Right click | 1170 |
| Select | 676 |
| Misc. action | 295 |
| Build/train/purchase | 128 |
| Use ability | 83 |
| Assign group | 75 |
| Chat | 73 |
| Minimap ping | 8 |
| Item give/drop | 4 |
| Resource trade | 4 |
| Esc | 2 |
207 units @ 25k
/ 2.6k
115 buildings @ 11.9k
/ 5k

| Rod of Necromancy | 4 | 600 |
| Sacrificial Skull | 1 | 50 |
| Potion of Mana | 6 | 1200 |
| Orb of Corruption | 2 | 750 |
| Potion of Healing | 7 | 1050 |
| Ritual Dagger | 1 | 125 |
| Scroll of Town Portal | 4 | 1400 |
| Boots of Speed | 1 | 250 |
| total: | 26 | 5425g |
| Acolyte | 9 | 675 | / | 0 |
| Ghoul | 25 | 3000 | / | 0 |
| Crypt Fiend | 1 | 215 | / | 40 |
| Meat Wagon | 5 | 1150 | / | 250 |
| Abomination | 1 | 240 | / | 70 |
| Obsidian Statue | 6 | 1200 | / | 210 |
| total: | 47 | 6480g | / | 570w |
| Nerubian Tower | 2 | 200 | / | 40 |
| Spirit Tower | 4 | 580 | / | 160 |
| Crypt | 2 | 400 | / | 100 |
| Altar of Darkness | 1 | 180 | / | 50 |
| Ziggurat | 8 | 1200 | / | 400 |
| Tomb of Relics | 2 | 260 | / | 60 |
| Necropolis | 1 | 225 | / | 0 |
| Graveyard | 1 | 215 | / | 0 |
| Slaughterhouse | 2 | 280 | / | 270 |
| Halls of the Dead | 1 | 320 | / | 210 |
| Black Citadel | 1 | 325 | / | 230 |
| total: | 17 | 2760g | / | 880w |
| 0:02 | Acolyte |
| 0:06 | Crypt |
| 0:08 | Altar of Darkness |
| 0:13 | Ziggurat |
| 0:18 | Acolyte |
| 0:18 | Acolyte |
| 0:47 | Tomb of Relics |
| 1:08 | Ghoul |
| 1:14 | Ziggurat |
| 1:25 | Ghoul |
| 1:25 | Ghoul |
| 1:38 | Ghoul |
| 1:53 | Ghoul |
| 2:03 | Ghoul |
| 2:07 | Sleep |
| 2:17 | Rod of Necromancy |
| 2:22 | Sacrificial Skull |
| 2:29 | Acolyte |
| 2:42 | Ghoul |
| 2:57 | Ziggurat |
| 3:08 | Ghoul |
| 3:32 | Vampiric Aura |
| 3:50 | Necropolis |
| 3:59 | Acolyte |
| 4:06 | Nerubian Tower |
| 4:21 | Acolyte |
| 4:46 | Halls of the Dead |
| 5:10 | Ghoul |
| 5:47 | Ghoul |
| 5:50 | Graveyard |
| 5:53 | Acolyte |
| 5:53 | Acolyte |
| 5:55 | Ziggurat |
| 6:14 | Ghoul |
| 6:17 | Ziggurat |
| 6:19 | Nerubian Tower |
| 6:32 | Ghoul |
| 6:44 | Ghoul |
| 6:53 | Ghoul |
| 7:06 | Black Citadel |
| 7:15 | Ziggurat |
| 7:16 | Ziggurat |
| 7:18 | Spirit Tower |
| 7:20 | Tomb of Relics |
| 7:37 | Ghoul |
| 7:44 | Ghoul |
| 7:46 | Unholy Strength |
| 7:46 | Unholy Armor |
| 7:50 | Crypt |
| 8:27 | Slaughterhouse |
| 8:34 | Slaughterhouse |
| 8:36 | Crypt Fiend |
| 8:42 | Rod of Necromancy |
| 8:46 | Spirit Tower |
| 8:55 | Ghoul |
| 9:25 | Spirit Tower |
| 9:29 | Potion of Mana |
| 9:42 | Orb of Corruption |
| 10:01 | Potion of Mana |
| 10:10 | Ghoul |
| 10:11 | Ghoul |
| 10:21 | Potion of Healing |
| 10:37 | Meat Wagon |
| 10:55 | Acolyte |
| 10:59 | Potion of Healing |
| 10:59 | Potion of Mana |
| 11:05 | Ghoul |
| 11:13 | Potion of Healing |
| 11:14 | Potion of Mana |
| 11:29 | Ghoul |
| 11:43 | Abomination |
| 11:44 | Meat Wagon |
| 11:55 | Ghoul |
| 12:06 | Disease Cloud |
| 12:15 | Sleep |
| 12:34 | Meat Wagon |
| 12:52 | Scroll of Town Portal |
| 13:04 | Meat Wagon |
| 13:16 | Ziggurat |
| 14:08 | Potion of Healing |
| 14:08 | Potion of Mana |
| 14:13 | Potion of Healing |
| 14:46 | Spirit Tower |
| 14:49 | Obsidian Statue |
| 15:04 | Potion of Mana |
| 15:47 | Potion of Healing |
| 15:48 | Rod of Necromancy |
| 16:10 | Destroyer Form |
| 16:28 | Obsidian Statue |
| 16:56 | Orb of Corruption |
| 17:10 | Scroll of Town Portal |
| 17:43 | Obsidian Statue |
| 17:59 | Ghoul |
| 18:24 | Potion of Healing |
| 18:29 | Scroll of Town Portal |
| 18:54 | Obsidian Statue |
| 19:08 | Obsidian Statue |
| 19:26 | Boots of Speed |
| 19:56 | Rod of Necromancy |
| 20:09 | Ritual Dagger |
| 20:34 | Scroll of Town Portal |
| 21:48 | Ghoul Frenzy |
| 22:03 | Ghoul |
| 22:14 | Obsidian Statue |
| 22:33 | Meat Wagon |
| 22:59 | Ghoul |
| Right click | 612 |
| Select | 549 |
| Build/train/purchase | 137 |
| Misc. action | 80 |
| Use ability | 56 |
| Resource trade | 17 |
| Item give/drop | 7 |
| Esc | 5 |
| Minimap ping | 4 |
| Chat | 4 |



| Scroll of Regeneration | 3 | 300 |
| Scroll of Town Portal | 4 | 1400 |
| Scroll of Healing | 1 | 250 |
| total: | 8 | 1950g |
| Peasant | 17 | 1275 | / | 0 |
| Footman | 8 | 1080 | / | 0 |
| Mortar Team | 6 | 1080 | / | 420 |
| Knight | 8 | 1960 | / | 480 |
| total: | 39 | 5395g | / | 900w |
| Scout Tower | 7 | 210 | / | 140 |
| Guard Tower | 5 | 350 | / | 250 |
| Altar of Kings | 1 | 180 | / | 50 |
| Farm | 10 | 800 | / | 200 |
| Barracks | 2 | 320 | / | 120 |
| Lumber Mill | 1 | 120 | / | 0 |
| Arcane Vault | 1 | 130 | / | 30 |
| Blacksmith | 1 | 140 | / | 60 |
| Town Hall | 1 | 385 | / | 205 |
| Workshop | 2 | 280 | / | 280 |
| Keep | 1 | 320 | / | 210 |
| Castle | 1 | 360 | / | 210 |
| total: | 26 | 2565g | / | 1085w |
| 0:03 | Peasant |
| 0:03 | Peasant |
| 0:10 | Altar of Kings |
| 0:15 | Farm |
| 0:21 | Barracks |
| 0:24 | Peasant |
| 0:36 | Peasant |
| 0:51 | Peasant |
| 0:57 | Farm |
| 1:09 | Peasant |
| 1:25 | Footman |
| 1:27 | Peasant |
| 1:34 | Farm |
| 1:45 | Footman |
| 1:53 | Peasant |
| 2:06 | Footman |
| 2:17 | Farm |
| 2:20 | Summon Water Elemental |
| 2:32 | Footman |
| 2:38 | Peasant |
| 2:49 | Footman |
| 3:21 | Peasant |
| 3:41 | Peasant |
| 3:42 | Peasant |
| 3:43 | Defend |
| 3:55 | Lumber Mill |
| 3:57 | Brilliance Aura |
| 4:29 | Keep |
| 4:34 | Scroll of Regeneration |
| 4:45 | Arcane Vault |
| 4:49 | Blacksmith |
| 5:25 | Barracks |
| 5:27 | Footman |
| 5:28 | Improved Lumber Harvesting |
| 6:04 | Farm |
| 6:15 | Summon Water Elemental |
| 6:26 | Iron Forged Swords |
| 6:27 | Iron Plating |
| 6:31 | Footman |
| 6:32 | Footman |
| 6:59 | Castle |
| 7:57 | Brilliance Aura |
| 8:05 | Town Hall |
| 8:15 | Scout Tower |
| 8:18 | Scout Tower |
| 8:25 | Storm Bolt |
| 8:40 | Improved Masonry |
| 9:03 | Guard Tower |
| 9:04 | Scout Tower |
| 9:06 | Scout Tower |
| 9:21 | Workshop |
| 9:44 | Guard Tower |
| 9:49 | Scout Tower |
| 9:59 | Advanced Masonry |
| 10:21 | Guard Tower |
| 10:35 | Workshop |
| 10:37 | Mortar Team |
| 10:37 | Fragmentation Shards |
| 10:37 | Flare |
| 10:54 | Bash |
| 11:05 | Knight |
| 11:25 | Farm |
| 11:27 | Farm |
| 11:28 | Advanced Lumber Harvesting |
| 11:40 | Holy Light |
| 11:47 | Scroll of Town Portal |
| 11:56 | Farm |
| 11:58 | Mortar Team |
| 12:00 | Black Gunpowder |
| 12:02 | Animal War Training |
| 12:02 | Knight |
| 12:20 | Farm |
| 12:22 | Farm |
| 12:24 | Imbued Masonry |
| 13:14 | Scroll of Town Portal |
| 13:19 | Scroll of Regeneration |
| 13:27 | Knight |
| 13:28 | Steel Forged Swords |
| 14:34 | Knight |
| 14:36 | Steel Plating |
| 14:37 | Mortar Team |
| 14:41 | Scroll of Regeneration |
| 14:50 | Peasant |
| 14:51 | Peasant |
| 14:53 | Scout Tower |
| 15:12 | Mortar Team |
| 15:28 | Guard Tower |
| 15:30 | Scout Tower |
| 15:36 | Knight |
| 15:44 | Knight |
| 16:02 | Guard Tower |
| 16:15 | Refined Gunpowder |
| 16:34 | Mortar Team |
| 17:10 | Scroll of Town Portal |
| 17:11 | Scroll of Healing |
| 17:46 | Knight |
| 17:47 | Mortar Team |
| 17:55 | Summon Water Elemental |
| 18:17 | Storm Bolt |
| 19:07 | Scroll of Town Portal |
| 19:30 | Mithril Plating |
| 20:22 | Knight |
| 21:09 | Divine Shield |
| 21:23 | Mass Teleport |
| 21:32 | Peasant |
| 21:32 | Peasant |
| 22:19 | Peasant |
| Select group | 476 |
| Select | 332 |
| Right click | 197 |
| Build/train/purchase | 140 |
| Misc. action | 96 |
| Assign group | 55 |
| Use ability | 36 |
| Minimap ping | 7 |
| Item give/drop | 2 |
| Esc | 1 |



| Lesser Clarity Potion | 3 | 210 |
| Staff of Sanctuary | 2 | 500 |
| Orb of Fire | 2 | 650 |
| Scroll of Town Portal | 2 | 700 |
| total: | 9 | 2060g |
| Peasant | 33 | 2475 | / | 0 |
| Footman | 15 | 2025 | / | 0 |
| Priest | 7 | 945 | / | 70 |
| Rifleman | 3 | 615 | / | 90 |
| Sorceress | 2 | 310 | / | 40 |
| Spell Breaker | 2 | 430 | / | 60 |
| Knight | 5 | 1225 | / | 300 |
| total: | 67 | 8025g | / | 560w |
| Scout Tower | 29 | 870 | / | 580 |
| Guard Tower | 17 | 1190 | / | 850 |
| Farm | 7 | 560 | / | 140 |
| Barracks | 1 | 160 | / | 60 |
| Altar of Kings | 1 | 180 | / | 50 |
| Arcane Vault | 2 | 260 | / | 60 |
| Lumber Mill | 1 | 120 | / | 0 |
| Town Hall | 1 | 385 | / | 205 |
| Blacksmith | 1 | 140 | / | 60 |
| Arcane Sanctum | 1 | 150 | / | 140 |
| Workshop | 1 | 140 | / | 140 |
| Keep | 1 | 320 | / | 210 |
| Castle | 1 | 360 | / | 210 |
| total: | 45 | 2965g | / | 1435w |
| 0:03 | Peasant |
| 0:04 | Peasant |
| 0:04 | Peasant |
| 0:11 | Farm |
| 0:22 | Barracks |
| 0:24 | Peasant |
| 0:34 | Peasant |
| 0:43 | Farm |
| 0:53 | Altar of Kings |
| 0:56 | Peasant |
| 1:06 | Peasant |
| 1:13 | Peasant |
| 1:20 | Peasant |
| 1:25 | Footman |
| 1:34 | Farm |
| 1:48 | Footman |
| 1:57 | Peasant |
| 2:05 | Peasant |
| 2:18 | Breath of Fire |
| 2:20 | Defend |
| 2:28 | Peasant |
| 2:43 | Arcane Vault |
| 2:49 | Peasant |
| 3:00 | Footman |
| 3:18 | Lumber Mill |
| 3:39 | Drunken Brawler |
| 3:45 | Town Hall |
| 3:47 | Scout Tower |
| 3:49 | Scout Tower |
| 3:51 | Scout Tower |
| 4:04 | Footman |
| 4:15 | Farm |
| 4:22 | Guard Tower |
| 4:24 | Scout Tower |
| 4:31 | Guard Tower |
| 4:34 | Scout Tower |
| 4:42 | Lesser Clarity Potion |
| 5:07 | Footman |
| 5:08 | Peasant |
| 5:18 | Footman |
| 5:28 | Guard Tower |
| 5:29 | Peasant |
| 5:35 | Scout Tower |
| 5:37 | Peasant |
| 5:42 | Scout Tower |
| 5:44 | Improved Lumber Harvesting |
| 6:14 | Guard Tower |
| 6:21 | Scout Tower |
| 6:29 | Breath of Fire |
| 6:35 | Scout Tower |
| 6:36 | Peasant |
| 6:44 | Peasant |
| 6:50 | Footman |
| 6:51 | Keep |
| 6:53 | Guard Tower |
| 6:58 | Peasant |
| 7:02 | Scout Tower |
| 7:06 | Peasant |
| 7:12 | Peasant |
| 7:54 | Guard Tower |
| 7:55 | Scout Tower |
| 8:00 | Footman |
| 8:00 | Footman |
| 8:00 | Footman |
| 8:05 | Scout Tower |
| 8:06 | Peasant |
| 8:19 | Guard Tower |
| 8:22 | Scout Tower |
| 8:31 | Guard Tower |
| 8:36 | Scout Tower |
| 8:53 | Guard Tower |
| 8:55 | Guard Tower |
| 9:03 | Footman |
| 9:03 | Footman |
| 9:04 | Footman |
| 9:07 | Scout Tower |
| 9:10 | Scout Tower |
| 9:11 | Peasant |
| 9:11 | Peasant |
| 9:19 | Peasant |
| 9:22 | Scout Tower |
| 9:22 | Scout Tower |
| 9:22 | Scout Tower |
| 9:23 | Scout Tower |
| 9:24 | Scout Tower |
| 9:27 | Footman |
| 9:29 | Improved Masonry |
| 9:29 | Advanced Lumber Harvesting |
| 9:32 | Peasant |
| 9:41 | Guard Tower |
| 9:50 | Arcane Sanctum |
| 9:58 | Peasant |
| 10:02 | Guard Tower |
| 10:19 | Footman |
| 10:22 | Blacksmith |
| 11:11 | Drunken Brawler |
| 11:25 | Guard Tower |
| 11:27 | Priest |
| 11:39 | Scout Tower |
| 11:43 | Rifleman |
| 11:45 | Sorceress |
| 11:47 | Castle |
| 12:05 | Scout Tower |
| 12:08 | Guard Tower |
| 12:14 | Priest |
| 12:20 | Rifleman |
| 12:21 | Long Rifles |
| 12:31 | Advanced Masonry |
| 12:34 | Holy Light |
| 12:41 | Farm |
| 12:43 | Black Gunpowder |
| 12:44 | Studded Leather Armor |
| 12:46 | Guard Tower |
| 12:49 | Arcane Vault |
| 13:06 | Spell Breaker |
| 13:06 | Sorceress |
| 13:07 | Priest Adept Training |
| 13:29 | Farm |
| 13:32 | Rifleman |
| 13:35 | Priest |
| 13:47 | Scout Tower |
| 13:48 | Scout Tower |
| 13:49 | Scout Tower |
| 13:52 | Scout Tower |
| 14:45 | Lesser Clarity Potion |
| 14:45 | Staff of Sanctuary |
| 14:45 | Orb of Fire |
| 14:51 | Scroll of Town Portal |
| 14:52 | Lesser Clarity Potion |
| 14:55 | Knight |
| 14:59 | Guard Tower |
| 16:17 | Priest Master Training |
| 16:17 | Priest |
| 16:40 | Scroll of Town Portal |
| 17:30 | Guard Tower |
| 17:32 | Animal War Training |
| 17:33 | Knight |
| 17:34 | Farm |
| 18:25 | Breath of Fire |
| 18:46 | Blizzard |
| 18:49 | Knight |
| 18:50 | Iron Forged Swords |
| 18:52 | Iron Plating |
| 18:54 | Priest |
| 18:54 | Spell Breaker |
| 18:58 | Staff of Sanctuary |
| 20:00 | Peasant |
| 20:00 | Peasant |
| 20:00 | Peasant |
| 20:25 | Scout Tower |
| 20:42 | Orb of Fire |
| 20:48 | Priest |
| 21:14 | Workshop |
| 21:15 | Refined Gunpowder |
| 21:16 | Steel Plating |
| 21:35 | Scout Tower |
| 21:37 | Peasant |
| 21:37 | Peasant |
| 21:40 | Peasant |
| 21:47 | Priest |
| 21:49 | Knight |
| 22:16 | Knight |
| Right click | 772 |
| Select | 431 |
| Build/train/purchase | 145 |
| Use ability | 49 |
| Misc. action | 18 |
| Resource trade | 6 |
| Minimap ping | 5 |
| Remove unit | 1 |


| Lesser Clarity Potion | 4 | 280 |
| Potion of Healing | 3 | 450 |
| Potion of Mana | 3 | 600 |
| Orb of Fire | 1 | 325 |
| Staff of Sanctuary | 1 | 250 |
| Scroll of Town Portal | 3 | 1050 |
| total: | 15 | 2955g |
| Peasant | 38 | 2850 | / | 0 |
| Footman | 4 | 540 | / | 0 |
| Mortar Team | 3 | 540 | / | 210 |
| Knight | 2 | 490 | / | 120 |
| Flying Machine | 7 | 700 | / | 210 |
| total: | 54 | 5120g | / | 540w |
| Scout Tower | 3 | 90 | / | 60 |
| Guard Tower | 3 | 210 | / | 150 |
| Lumber Mill | 3 | 360 | / | 0 |
| Farm | 10 | 800 | / | 200 |
| Altar of Kings | 1 | 180 | / | 50 |
| Barracks | 1 | 160 | / | 60 |
| Town Hall | 3 | 1155 | / | 615 |
| Arcane Vault | 1 | 130 | / | 30 |
| Blacksmith | 1 | 140 | / | 60 |
| Workshop | 4 | 560 | / | 560 |
| Keep | 1 | 320 | / | 210 |
| Castle | 1 | 360 | / | 210 |
| total: | 27 | 3575g | / | 1635w |
| 0:02 | Peasant |
| 0:13 | Peasant |
| 0:20 | Lumber Mill |
| 0:25 | Peasant |
| 0:35 | Farm |
| 0:38 | Peasant |
| 0:49 | Altar of Kings |
| 1:03 | Peasant |
| 1:05 | Barracks |
| 1:10 | Peasant |
| 1:18 | Farm |
| 1:33 | Peasant |
| 1:42 | Peasant |
| 1:54 | Farm |
| 1:57 | Farm |
| 1:59 | Peasant |
| 2:06 | Footman |
| 2:12 | Peasant |
| 2:21 | Footman |
| 2:23 | Peasant |
| 2:40 | Peasant |
| 2:44 | Footman |
| 2:49 | Holy Light |
| 3:04 | Peasant |
| 3:06 | Footman |
| 3:54 | Town Hall |
| 3:58 | Scout Tower |
| 4:28 | Peasant |
| 4:32 | Guard Tower |
| 4:33 | Scout Tower |
| 4:58 | Divine Shield |
| 5:09 | Keep |
| 5:13 | Guard Tower |
| 5:14 | Scout Tower |
| 5:56 | Arcane Vault |
| 5:58 | Improved Lumber Harvesting |
| 6:01 | Peasant |
| 6:01 | Peasant |
| 6:01 | Peasant |
| 6:04 | Peasant |
| 6:04 | Peasant |
| 6:06 | Guard Tower |
| 7:12 | Blacksmith |
| 7:15 | Lesser Clarity Potion |
| 7:20 | Lesser Clarity Potion |
| 7:41 | Castle |
| 7:52 | Advanced Lumber Harvesting |
| 8:02 | Scroll of Town Portal |
| 8:03 | Potion of Healing |
| 8:04 | Potion of Mana |
| 8:08 | Black Gunpowder |
| 8:14 | Workshop |
| 8:17 | Workshop |
| 8:59 | Workshop |
| 9:00 | Workshop |
| 9:33 | Flak Cannons |
| 9:34 | Refined Gunpowder |
| 9:39 | Farm |
| 9:41 | Farm |
| 9:42 | Farm |
| 9:44 | Farm |
| 10:23 | Storm Bolt |
| 10:29 | Potion of Healing |
| 10:38 | Mortar Team |
| 10:41 | Knight |
| 10:51 | Farm |
| 10:53 | Farm |
| 11:10 | Imbued Gunpowder |
| 11:24 | Mortar Team |
| 11:27 | Knight |
| 11:36 | Lumber Mill |
| 11:42 | Lumber Mill |
| 11:55 | Scroll of Town Portal |
| 11:56 | Orb of Fire |
| 11:57 | Potion of Healing |
| 11:57 | Lesser Clarity Potion |
| 11:58 | Potion of Mana |
| 12:06 | Scroll of Town Portal |
| 12:18 | Iron Plating |
| 12:20 | Mortar Team |
| 12:29 | Improved Masonry |
| 13:04 | Staff of Sanctuary |
| 13:06 | Potion of Mana |
| 13:07 | Lesser Clarity Potion |
| 13:57 | Flying Machine |
| 13:59 | Flying Machine |
| 14:14 | Flying Machine |
| 14:59 | Holy Light |
| 15:17 | Flying Machine |
| 15:59 | Peasant |
| 15:59 | Peasant |
| 15:59 | Peasant |
| 16:00 | Peasant |
| 16:07 | Peasant |
| 17:15 | Peasant |
| 17:52 | Peasant |
| 17:52 | Peasant |
| 17:52 | Peasant |
| 17:52 | Peasant |
| 17:53 | Peasant |
| 17:53 | Peasant |
| 17:53 | Peasant |
| 17:59 | Flying Machine |
| 18:48 | Town Hall |
| 19:05 | Flying Machine |
| 19:50 | Flying Machine |
| 19:54 | Peasant |
| 21:34 | Town Hall |
| 21:39 | Peasant |
| 21:40 | Peasant |
| 21:40 | Peasant |
| 21:40 | Peasant |
| 21:41 | Peasant |
| 22:09 | Thunder Clap |
| Right click | 413 |
| Select | 345 |
| Build/train/purchase | 97 |
| Use ability | 29 |
| Misc. action | 7 |
| Resource trade | 4 |
| Esc | 3 |
| Minimap ping | 3 |
| Item give/drop | 1 |
⇛